 Dungeon Crawl Stone Soup version 0.24.0-1-gfbc8707 (webtiles) character file.

Game seed: 12523334985982235315, levelgen mode: deterministic

46344 dingleboss the Geomancer (level 13, -4/96 HPs)
             Began as a Demigod Earth Elementalist on Nov 3, 2019.
             Slain by a dream sheep (6 damage)
             ... on level 6 of the Lair of Beasts.
             The game lasted 01:27:42 (26153 turns).

dingleboss the Geomancer (DgEE)                    Turns: 26153, Time: 01:27:45

Health: -4/96      AC: 13    Str: 17    XL:     13   Next: 66%
Magic:  24/47      EV: 12    Int: 33    God:
Gold:   1407       SH:  0    Dex: 24    Spells: 11/32 levels left

rFire    . . .     SeeInvis .   D - staff of power {!a}
rCold    + + .     Gourm    +   (no shield)
rNeg     . . .     Faith    .   l - +1 ice dragon scales
rPois    +         Spirit   .   r - +0 helmet
rElec    +         Reflect  .   h - scarf {rC+ rF+}
rCorr    .         Harm     .   o - +0 pair of gloves
MR       +....                  (no boots)
Stlth    +.........             X - amulet of the gourmand
HPRegen  0.26/turn              H - ring of Yduluux {rC- Str+6 Dex+8}
MPRegen  0.30/turn              Q - ring of Farinlis {rElec rPois Int+6 Slay+2}

@: lethally poisoned (-4 -> -4)
A: high mp 1
a: no special abilities


You were on level 6 of the Lair of Beasts.
You were very hungry.

You visited 3 branches of the dungeon, and saw 19 of its levels.
You also visited: Sewer and Bailey.

You collected 1407 gold pieces.


Innate Abilities, Weirdness & Mutations

You have an increased reservoir of magic. (+10% MP)


   Skills:
 - Level 4.0 Fighting
 - Level 3.9 Armour
 - Level 4.4 Dodging
 - Level 1.7 Stealth
 + Level 10.2 Spellcasting
 + Level 10.6 Conjurations
 - Level 0.8 Transmutations
 * Level 14.9 Earth Magic


You had 11 spell levels left.
You knew the following spells:

 Your Spells              Type           Power        Failure   Level  Hunger
a - Passwall              Tmut/Erth      ######..     1%          2    None
l - Lee's Rapid Deconstr  Erth           #######...   1%          5    ###....
p - Petrify               Tmut/Erth      ######..     4%          4    None
s - Iron Shot             Conj/Erth      #######...   9%          6    #####..
w - Stone Arrow           Conj/Erth      ######       1%          3    None
z - Sandblast             Erth           ######       1%          1    None

Your spell library contained the following spells:

 Spells                   Type           Power        Failure   Level  Hunger
 Throw Frost              Conj/Ice       ######       1%          2    None
 Leda's Liquefaction      Hex/Erth       ######....   5%          4    None
 Bolt of Magma            Conj/Fire/Erth ######....   10%         5    ###....
 Confusing Touch          Hex            ###...       12%         1    None
 Freeze                   Ice            ###.         12%         1    None
 Throw Icicle             Conj/Ice       ######..     13%         4    None
 Confuse                  Hex            ###.....     34%         3    None
 Gell's Gravitas          Tloc           ###.......   34%         3    None
 Ozocubu's Armour         Chrm/Ice       ###.....     34%         3    None
 Statue Form              Tmut/Erth      ######...    56%         6    #####..
 Summon Ice Beast         Ice/Summ       ###.....     75%         4    None
 Yara's Violent Unravell  Hex/Tmut       ###.......   95%         5    ###....
 Metabolic Englaciation   Hex/Ice        ###.......   97%         5    ###....
 Shatter                  Erth           #######...   100%        9    #######

Inventory:

Hand Weapons
 a - a +0 dagger of venom
Missiles
 w - 218 stones (quivered)
Armour
 h - a scarf of resistance (worn)
 l - +1 ice dragon scales (worn)
 o - a +0 pair of gloves (worn)
 r - a +0 helmet (worn)
 K - +0 steam dragon scales
 L - +2 fire dragon scales
Magical Staves
 n - an uncursed staff of fire
 D - an uncursed staff of power (weapon) {!a}
Jewellery
 v - an uncursed ring of see invisible
 F - an uncursed ring of fire
 H - the ring of Yduluux (left hand) {rC- Str+6 Dex+8}
   (You found it in a bailey)

   [ring of strength]

   It affects your strength (+6).
   It affects your dexterity (+8).
   It makes you vulnerable to cold.
 I - a +6 ring of intelligence
 M - an uncursed ring of protection from magic
 N - an uncursed ring of positive energy
 Q - the ring of Farinlis (right hand) {rElec rPois Int+6 Slay+2}
   (You found it on level 10 of the Dungeon)

   [ring of intelligence]

   It affects your intelligence (+6).
   It affects your accuracy and damage with ranged weapons and melee attacks
   (+2).
   It insulates you from electricity.
   It protects you from poison.
 R - an uncursed ring of resist corrosion
 W - an uncursed ring of magical power
 X - an amulet of the gourmand (around neck)
Wands
 e - a wand of acid (7)
 j - a wand of iceblast (42)
 x - a wand of polymorph (18)
 C - a wand of disintegration (18)
 J - a wand of enslavement (5)
 P - a wand of paralysis (9)
 T - a wand of digging (3)
Scrolls
 c - 3 scrolls of remove curse {@r2}
 g - a scroll of teleportation {@r4}
 u - 2 scrolls of enchant weapon
 B - 2 scrolls of amnesia
 O - 2 scrolls of magic mapping
 Z - 2 scrolls of enchant armour
Potions
 f - 11 potions of curing {@q1}
 i - 4 potions of mutation {!q}
 k - 10 potions of heal wounds {@q2}
 m - a potion of haste {@q3}
 p - 4 potions of brilliance
 q - 3 potions of flight
 s - 4 potions of agility
 t - 2 potions of invisibility
 z - a potion of berserk rage {unknown}
 G - 2 potions of cancellation
 Y - a potion of might
Miscellaneous
 b - a lamp of fire
 E - a fan of gales (inert)
 S - a lightning rod (4/4)
Comestibles
 d - 28 rations {@e1}

Dungeon Overview and Level Annotations

Branches:
Dungeon (12/15)            Temple (0/1) D:4            Lair (6/6) D:10
 Shoals (1/4) Lair:4       Spider (0/4) Lair:4          Orc (0/2) D:12
  Sewer (visited)          Bailey (visited)
  Slime: Lair:5-6

Shops:
D:5 =   D:6 %

Annotations:
D:7 1 runed translucent door, ces's ghost, novice TrBe
D:12 Rupert
Lair:3 3 runed translucent doors, Gevorchiy's ghost, journeyman MiBe
Lair:5 3 runed translucent doors, Caath's ghost, journeyman DrFi
Lair:6 exclusion: 2 oklob plants 8

# .. #.## 8.. #. ##....
... .. #.....# .. . P.
#.....Y##Y#.... ..
......Y@Y..# ..
....t.YYYPP.... ..
.........P....# #.
#####........###.##.##
#.....#...#### #...#
#^<..Y.###.# ..⌠.
#...Y....##.#####...#
P.#.#.......#.#..#...#
....##.#.#.............
##


You could see a catoblepas, a crocodile and 6 dream sheep.


Message History

As you read the scroll of teleportation {@r4}, it crumbles to dust.
You feel strangely unstable.
You feel sick.
The elephant trumpets!
The spiny frog stings you but does no damage.
The death yak gores you but does no damage.
There is a dry fountain here.
You feel sick.
A hippogriff comes into view.
The hippogriff screeches!
There is a dry fountain here.
Your surroundings suddenly seem different.
You feel sick.
A catoblepas comes into view.
The catoblepas bellows!
The dream sheep bleats! x4; You hear a bleat! x2
The dream sheep shake their wool and sparkle.
You feel drowsy...
You fall asleep.
The dream sheep closely misses you.
A dream sheep comes into view.
A crocodile comes into view.
The dream sheep barely misses you.
The dream sheep bites you but does no damage.
The dream sheep barely misses you.
You feel sick. The dream sheep bites you!!
You wake up.
* * * LOW HITPOINT WARNING * * *
The dream sheep bites you!
* * * LOW HITPOINT WARNING * * *
The dream sheep bites you.
* * * LOW HITPOINT WARNING * * *
The dream sheep bites you.
You die...

Skill      XL: |  1  2  3  4  5  6  7  8  9 10 11 12 13 |
---------------+----------------------------------------+-----
Spellcasting   | 2 3 4 5 6 7 9 10 | 10.2
Earth Magic    | 3 4 5 6 7 8 10 11 13 14 | 14.9
Conjurations   | 1 2 3 4 6 7 9 10 | 10.6
Dodging        | 4 |  4.4
Fighting       | 3 4 |  4.0
Armour         | 3 |  3.9
Stealth        | |  1.7
Transmutations | |  0.8

Action                   |  1- 3 |  4- 6 |  7- 9 | 10-12 | 13-15 || total
-------------------------+-------+-------+-------+-------+-------++-------
Melee: Dagger            |     7 |    10 |     5 |       |       ||    22
Throw: Stone             |       |       |     1 |       |       ||     1
 Cast: Sandblast         |    46 |   131 |    22 |    29 |    35 ||   263
       Passwall          |       |     1 |       |       |     1 ||     2
       Stone Arrow       |       |    25 |   165 |   316 |   125 ||   631
       Lee's Rapid Decon |       |       |    25 |    78 |    29 ||   132
       Petrify           |       |       |       |    15 |       ||    15
       Iron Shot         |       |       |       |       |    21 ||    21
Evoke: Wand              |       |       |       |       |     4 ||     4
       Fan of gales      |       |       |       |       |     1 ||     1
  Use: Scroll            |     3 |     7 |    12 |    11 |     5 ||    38
       Potion            |       |       |       |       |     2 ||     2
 Stab: Distracted        |       |     1 |       |       |       ||     1
  Eat: Chunk             |     2 |     8 |    29 |    45 |     9 ||    93
       Ration            |       |     1 |     1 |     2 |     1 ||     5
Armor: Robe              |     3 |       |       |       |       ||     3
       Leather armour    |       |     2 |       |       |       ||     2
       Ring mail         |       |    16 |     8 |       |       ||    24
       Steam dragon scal |       |       |    14 |     6 |       ||    20
       Ice dragon scales |       |       |       |    44 |    81 ||   125
Dodge: Dodged            |     7 |    37 |    24 |    77 |   108 ||   253

Levels and vault maps discovered:
D:1:      dpeg_arrival_boxorama, layout_basic, doesnt_xom_only_xom
D:2:      layout_loops_cross, tso_metal_star, uniq_terence
D:3:      layout_rooms, cheibrodos_sewer_entry_bend, serial_rivers,
          chequers_serial_rivers_large_a, chequers_serial_rivers_micro_c,
          chequers_serial_rivers_micro_e, chequers_serial_rivers_room_b,
          chequers_serial_rivers_marsh, minmay_tree_intersection,
          grunt_decor_resistance, fedhas_ov_isle_minmay
D:4:      layout_loops_ring, temple_pool_b, led_sif_pool
D:5:      layout_loops_ring, serial_shops, shop, first_ration
D:6:      layout_basic, serial_shops, shop
D:7:      layout_basic, hellmonk_ghost_happy_afterlife
D:8:      layout_cave_pools, nicolae_overflow_hidden_temple
D:9:      layout_rooms, enter_bailey_3
D:10:     layout_roguey, due_lair_maze_entry_diamond, hangedman_stone_soup,
          uniq_psyche, uniq_erica
D:11:     layout_rooms
D:12:     layout_cave_pools, minmay_orc_entry_temple_small, serial_column_ruins,
          column_ruins_hut, column_ruins_hut, column_ruins_open_medium_water,
          column_ruins_open_small, column_ruins_grid_1, column_ruins_grid_1,
          column_ruins_corridor_dead_end, uniq_rupert
Lair:1:   layout_misc_corridors, uniq_urug
Lair:2:   layout_regular_city
Lair:3:   layout_long_grid, ebering_ghost_rock_garden
Lair:4:   layout_long_grid, minmay_shoals_entry_hut,
          nicolae_spider_entry_non_spiders, serial_forest,
          infiniplex_forest_straight_2, infiniplex_forest_clump_curved,
          infiniplex_forest_straight_1, infiniplex_forest_clump_C,
          infiniplex_forest_clump_double, uniq_josephine
Lair:5:   layout_layer_cave, gammafunk_ghost_ooze, minmay_another_anthill
Lair:6:   evilmike_catoblepas_cave, layout_concentric_octagons,
          minmay_slime_entry_pillars, ebering_ghost_inner_flame,
          minmay_lair_oklob_chamber, grunt_megastairs_4,
          infiniplex_staircase_pool
Shoals:1: layout_shoals

Notes
Turn   | Place    | Note
-------+----------+-------------------------------------------
     0 | D:1      | dingleboss the Demigod Earth Elementalist began the quest
                  | for the Orb.
     0 | D:1      | Reached XP level 1. HP: 14/14 MP: 5/5
    42 | D:1      | Identified a scarf of resistance (You found it on level 1
                  | of the Dungeon)
    66 | D:1      | Reached skill level 2 in Spellcasting
    66 | D:1      | Reached skill level 3 in Earth Magic
    98 | D:1      | Reached XP level 2. HP: 18/20 MP: 2/7
   340 | D:1      | Learned a level 2 spell: Passwall
   503 | D:1      | Reached XP level 3. HP: 16/26 MP: 0/9
   857 | D:1      | Found a shimmering altar of Xom.
   859 | D:1      | Found a stormy altar of Qazlal.
   859 | D:1      | Found an ornate altar of the Wu Jian Council.
   861 | D:1      | Found a shimmering blue altar of Sif Muna.
   861 | D:1      | Found an ancient bone altar of Kikubaaqudgha.
   861 | D:1      | Found a shimmering blue altar of Sif Muna.
  1263 | D:2      | Noticed Terence
  1275 | D:2      | Killed Terence
  1275 | D:2      | Reached skill level 4 in Earth Magic
  1423 | D:2      | Reached XP level 4. HP: 33/33 MP: 8/10
  1726 | D:2      | Found a glowing golden altar of the Shining One.
  1892 | D:2      | Learned a level 3 spell: Stone Arrow
  2128 | D:2      | Reached XP level 5. HP: 35/38 MP: 8/12
  2267 | D:3      | Reached skill level 3 in Spellcasting
  2367 | D:3      | Found a glowing drain.
  2394 | Sewer    | Entered a sewer
  2737 | Sewer    | Reached skill level 1 in Conjurations
  2737 | Sewer    | Reached skill level 5 in Earth Magic
  2764 | Sewer    | Reached XP level 6. HP: 29/45 MP: 3/14
  3270 | D:3      | Found a blossoming altar of Fedhas.
  3783 | D:3      | Reached skill level 2 in Conjurations
  4444 | D:4      | Reached skill level 6 in Earth Magic
  4444 | D:4      | Reached XP level 7. HP: 50/50 MP: 0/16
  4541 | D:4      | Learned a level 5 spell: Lee's Rapid Deconstruction
  4834 | D:4      | Found a staircase to the Ecumenical Temple.
  4986 | D:4      | Found a shimmering blue altar of Sif Muna.
  5014 | D:4      | Reached skill level 4 in Spellcasting
  5293 | D:4      | Found the +5 robe of Misfortune {*Contam Harm *Corrode
                  | *Drain *Slow EV+5}
  5599 | D:5      | Entered Level 5 of the Dungeon
  5606 | D:5      | Reached skill level 3 in Conjurations
  5804 | D:5      | Found Kooviguv's Jewellery Shoppe.
  6110 | D:5      | Reached skill level 7 in Earth Magic
  6227 | D:5      | Reached XP level 8. HP: 57/57 MP: 17/18
  6661 | D:5      | Reached skill level 4 in Conjurations
  6820 | D:5      | Got a slimy war axe
  6823 | D:5      | Identified the cursed +0 war axe "Cotros" {antimagic,
                  | *Contam rC+++ MP+9 Int+2} (You found it on level 5 of the
                  | Dungeon)
  7417 | D:6      | Reached skill level 5 in Spellcasting
  7500 | D:6      | Reached skill level 8 in Earth Magic
  7721 | D:6      | Identified a +0 robe of resistance
  8108 | D:6      | Found Wear's Food Shoppe.
  8735 | D:7      | Found a runed translucent door.
  8738 | D:7      | Noticed ces's ghost (novice TrBe)
  9080 | D:7      | Reached XP level 9. HP: 62/62 MP: 20/21
  9136 | D:7      | Reached skill level 5 in Conjurations
  9240 | D:7      | Reached skill level 9 in Earth Magic
  9907 | D:8      | Reached skill level 6 in Spellcasting
 10394 | D:8      | Reached skill level 6 in Conjurations
 10710 | D:8      | Found a burning altar of Makhleb.
 10893 | D:9      | Reached skill level 10 in Earth Magic
 11330 | D:9      | Found a flagged portal.
 11400 | Bailey   | Entered a bailey
 11418 | Bailey   | Reached XP level 10. HP: 69/69 MP: 23/23
 11521 | Bailey   | Learned a level 4 spell: Petrify
 11877 | Bailey   | Found a bloodstained altar of Trog.
 11884 | Bailey   | Got a fine bronze ring
 11893 | Bailey   | Identified the ring of Yduluux {rC- Str+6 Dex+8} (You found
                  | it in a bailey)
 12707 | D:10     | Entered Level 10 of the Dungeon
 12786 | D:10     | Found a staircase to the Lair.
 12843 | D:10     | Reached skill level 7 in Spellcasting
 12932 | D:10     | Reached skill level 7 in Conjurations
 12932 | D:10     | Reached skill level 11 in Earth Magic
 12938 | D:10     | Noticed a two-headed ogre
 13076 | D:10     | Killed a two-headed ogre
 13109 | D:10     | Noticed Erica
 13120 | D:10     | Killed Erica
 13541 | D:10     | Noticed a deep elf mage
 13550 | D:10     | Killed a deep elf mage
 13921 | D:10     | Noticed Psyche
 13932 | D:10     | Killed Psyche
 13932 | D:10     | Reached XP level 11. HP: 67/74 MP: 14/26
 14407 | D:10     | Got a slimy brass ring
 14409 | D:10     | Identified the ring of Farinlis {rElec rPois Int+6 Slay+2}
                  | (You found it on level 10 of the Dungeon)
 14624 | Lair:1   | Entered Level 1 of the Lair of Beasts
 14630 | D:10     | Reached skill level 12 in Earth Magic
 14746 | Lair:1   | Noticed Urug
 14759 | Lair:1   | Killed Urug
 14759 | Lair:1   | Reached skill level 8 in Spellcasting
 14759 | Lair:1   | Reached skill level 8 in Conjurations
 16182 | Lair:2   | Noticed an eight-headed hydra
 16188 | Lair:2   | Killed an eight-headed hydra
 16188 | Lair:2   | Reached skill level 13 in Earth Magic
 16417 | Lair:2   | You fall into a shaft and drop 1 floor!
 16446 | Lair:3   | Reached skill level 9 in Conjurations
 16711 | Lair:3   | Noticed an eight-headed hydra
 16721 | Lair:3   | Killed an eight-headed hydra
 16782 | Lair:3   | Reached skill level 9 in Spellcasting
 16782 | Lair:3   | Reached XP level 12. HP: 81/81 MP: 29/29
 16840 | Lair:3   | Found a runed translucent gate.
 16841 | Lair:3   | Found a runed translucent gate.
 16846 | Lair:3   | Found a runed translucent gate.
 17258 | Lair:3   | Reached skill level 2 in Dodging
 17351 | Lair:3   | Noticed Gevorchiy's ghost (journeyman MiBe)
 18131 | Lair:4   | Reached skill level 1 in Fighting
 18138 | Lair:4   | Noticed Josephine
 18229 | Lair:4   | Reached skill level 1 in Armour
 18512 | Lair:4   | You fall into a shaft and drop 2 floors!
 18512 | Lair:6   | Entered Level 6 of the Lair of Beasts
 18644 | Lair:4   | Killed Josephine
 18647 | Lair:4   | Found a hole to the Spider Nest.
 18649 | Lair:4   | Reached skill level 2 in Armour
 19032 | Lair:4   | Reached skill level 2 in Fighting
 19534 | Lair:4   | Reached skill level 3 in Dodging
 19820 | Lair:4   | Noticed a six-headed hydra
 19823 | Lair:4   | Killed a six-headed hydra
 20024 | Lair:4   | Found a staircase to the Shoals.
 20741 | Lair:5   | Noticed an eight-headed hydra
 20761 | Lair:5   | Killed an eight-headed hydra
 20761 | Lair:5   | Reached skill level 3 in Fighting
 20761 | Lair:5   | Reached skill level 3 in Armour
 21026 | Lair:5   | Found a runed translucent gate.
 21026 | Lair:5   | Found a runed translucent gate.
 21027 | Lair:5   | Found a runed translucent gate.
 21032 | Lair:5   | Reached skill level 14 in Earth Magic
 21519 | Lair:5   | Noticed an entropy weaver
 21522 | Lair:5   | Noticed an entropy weaver
 21525 | Lair:5   | Killed an entropy weaver
 21525 | Lair:5   | Reached skill level 4 in Dodging
 21526 | Lair:5   | Reached XP level 13. HP: 95/95 MP: 11/31
 21527 | Lair:5   | Killed an entropy weaver
 22219 | Lair:5   | Noticed Caath's ghost (journeyman DrFi)
 22221 | Lair:5   | Found a viscous altar of Jiyva.
 22572 | Lair:6   | Reached skill level 10 in Conjurations
 22856 | D:11     | Reached skill level 4 in Fighting
 22933 | D:11     | Identified a scroll of acquirement
 22942 | D:11     | Learned a level 6 spell: Iron Shot
 23765 | D:12     | Found a staircase to the Orcish Mines.
 23773 | D:12     | Noticed Rupert
 24225 | Lair:6   | Reached skill level 10 in Spellcasting
 25475 | Shoals:1 | Entered Level 1 of the Shoals
 26153 | Lair:6   | HP: 5/96 [dream sheep (7)]
 26153 | Lair:6   | HP: 2/96 [dream sheep (3)]
 26153 | Lair:6   | Slain by a dream sheep

Vanquished Creatures
  2 entropy weavers (Lair:5)
  Josephine (Lair:4)
  6 hydras
  Erica (D:10)
  A two-headed ogre (D:10)
  A queen ant (Lair:5)
  7 death yaks
  Urug (Lair:1)
  A deep elf mage (D:10)
  A cyclops (D:11)
  11 elephants
  A faun (Shoals:1)
  4 black mambas
  Psyche (D:10)
  9 spiny frogs
  2 rime drakes (Lair:5)
  3 kobold demonologists (D:11)
  4 komodo dragons
  2 trolls
  A merfolk (D:10)
  6 hippogriffs
  A snapping turtle (Lair:4)
  5 dream sheep (Lair:5)
  4 wraiths (Lair:4)
  21 yaks
  A vampire (D:10)
  A hungry ghost (D:8)
  A steam dragon (D:7)
  5 wyverns
  3 vampire mosquitoes (D:11)
  12 soldier ants (Lair:5)
  9 porcupines
  9 water moccasins
  An eye of draining (D:9)
  3 orc warriors (Bailey)
  5 ice beasts
  7 black bears
  2 phantoms
  2 centaurs
  5 ogres
  2 necrophages
  10 wolves
  7 crocodiles
  4 big kobolds
  22 bullfrogs
  A water moccasin zombie (D:11)
  A wyvern skeleton (D:10)
  4 scorpions
  9 wights
  29 killer bees
  An electric eel (Lair:6)
  7 howler monkeys
  7 crimson imps
  2 bullfrog zombies
  5 hounds
  9 orc wizards
  4 orc priests
  2 bullfrog skeletons (D:5)
  3 centaur skeletons
  3 jellies
  Terence (D:2)
  2 iguanas
  28 worker ants
  A hound zombie (D:8)
  2 hound skeletons (D:4)
  A howler monkey zombie (D:6)
  2 worker ant zombies
  6 gnolls
  18 adders
  5 shadow imps
  6 oozes
  2 adder zombies
  11 worms
  5 dart slugs
  10 leopard geckos
  31 orcs
  4 ball pythons
  8 bats
  6 giant cockroaches
  13 goblins
  9 hobgoblins
  7 jackals
  32 kobolds
  5 quokkas
  8 frilled lizards
  A leopard gecko skeleton (D:5)
  A quokka skeleton (D:4)
  A quokka zombie (D:5)
  14 rats
535 creatures vanquished.

Vanquished Creatures (collateral kills)
  A wolf (Lair:6)
1 creature vanquished.

Vanquished Creatures (others)
  A black mamba (Lair:6)
  A worker ant (Lair:4)
  A kobold (D:10)
  35 fungi
  29 plants
67 creatures vanquished.

Grand Total: 603 creatures vanquished

Table legend:
 A = Turns spent in this place as a percentage of turns spent in the entire game.
 B = Non-inter-level travel turns spent in this place as a percentage of non-inter-level travel turns spent in the entire game.
 C = Inter-level travel turns spent in this place as a percentage of turns spent in this place.
 D = Turns resting spent in this place as a percentage of non-inter-level travel turns spent in this place.
 E = Turns spent auto-exploring this place as a percentage of non-inter-level travel turns spent in this place.
 F = Non-inter-level travel turns spent in this place divided by the number of levels of this place that you've seen.
                   A       B       C       D       E      F
               +-------+-------+-------+-------+-------+----------------------
         Total | 100.0 | 100.0 |   4.7 |  25.2 |  58.9 | 1187.4
       Dungeon |  57.9 |  58.0 |   4.5 |  20.0 |  63.2 | 1206.2
          Lair |  36.7 |  36.3 |   5.7 |  31.5 |  56.2 | 1508.7
        Shoals |   0.0 |   0.0 |   0.0 |   0.0 |   0.0 |  10.0
         Sewer |   2.6 |   2.8 |   0.0 |  12.9 |  60.7 | 689.0
        Bailey |   2.7 |   2.8 |   0.0 |  61.4 |   3.1 | 710.0
               +-------+-------+-------+-------+-------+----------------------

Table legend:
 A = Non-vault XP
 B = Vault XP
 C = Vault XP percentage of total XP
 D = Non-vault monster count
 E = Vault monster count
 F = Vault count percentage of total count
                 A         B        C        D         E       F
            +---------+---------+-------+---------+---------+-------
      Total |   48899 |   17308 |  26.1 |     420 |     116 |  21.6
            +---------+---------+-------+---------+---------+-------
        D:1 |      57 |       0 |   0.0 |      26 |       0 |   0.0
        D:2 |     142 |      36 |  20.2 |      29 |       1 |   3.3
        D:3 |     204 |       5 |   2.4 |      38 |       1 |   2.6
        D:4 |     511 |       0 |   0.0 |      17 |       0 |   0.0
        D:5 |    1002 |       0 |   0.0 |      28 |       0 |   0.0
        D:6 |     746 |       0 |   0.0 |      22 |       0 |   0.0
        D:7 |    1054 |       0 |   0.0 |      18 |       0 |   0.0
        D:8 |    1510 |       0 |   0.0 |      25 |       0 |   0.0
        D:9 |    1725 |       6 |   0.3 |      31 |       4 |  11.4
       D:10 |    4044 |    3365 |  45.4 |      28 |      14 |  33.3
       D:11 |    6156 |       0 |   0.0 |      50 |       0 |   0.0
       D:12 |     986 |       0 |   0.0 |       7 |       0 |   0.0
     Lair:1 |    6206 |     827 |  11.8 |      22 |       1 |   4.3
     Lair:2 |    1527 |       0 |   0.0 |       5 |       0 |   0.0
     Lair:3 |    4186 |       0 |   0.0 |      23 |       0 |   0.0
     Lair:4 |    6810 |    2281 |  25.1 |      13 |      13 |  50.0
     Lair:5 |    9258 |    7202 |  43.8 |      27 |      35 |  56.5
     Lair:6 |    2267 |    2911 |  56.2 |      10 |       7 |  41.2
   Shoals:1 |     508 |       0 |   0.0 |       1 |       0 |   0.0
      Sewer |       0 |     257 | 100.0 |       0 |      24 | 100.0
     Bailey |       0 |     418 | 100.0 |       0 |      16 | 100.0
            +---------+---------+-------+---------+---------+-------
